 Dungeon Crawl Stone Soup version 0.20-a0-820-g557356e (webtiles) character file.

128164 Gorice the Spry (level 17, -7/113 HPs)
             Began as a Kobold Enchanter on Mar 1, 2017.
             Was the Champion of Wu Jian.
             Drowned by a drowned soul (14 damage)
             ... summoned by a merfolk avatar
             ... on level 1 of the Shoals on Mar 4, 2017.
             The game lasted 04:39:06 (40120 turns).

Gorice the Spry (Kobold Enchanter)                 Turns: 40120, Time: 04:39:07

Health: -7/113     AC: 22    Str:  7 (11) XL:     17   Next: 58%
Magic:  25/30      EV: 17    Int: 16 (18) God:    Wu Jian [******]
Gold:   1570       SH:  0    Dex:  8 (11) Spells: 25/34 levels left

rFire    + . .     SeeInvis .   a - +3 dagger (freeze)
rCold    . . .     Gourm    .   w - +6 scale mail "Zorewin" {rF+ Regen+ Dex-4}
rNeg     . . .     Faith    .   (shield restricted)
rPois    .         Spirit   .   T - +1 helmet
rElec    .         Reflect  .   r - +0 cloak
rCorr    .         Harm     .   k - +0 pair of gloves
MR       +....                  x - +1 pair of boots
Stlth    +++.......             i - amulet of rage
Regen    0.7/turn               j - ring of flight
MPRegen  0.3/turn               D - +3 ring of evasion

@: flying, mesmerised, serpent's lash
A: carnivore 3
a: Serpent's Lash, Heaven On Earth, Renounce Religion, Evoke Berserk Rage


You were on level 1 of the Shoals.
You worshipped Wu Jian.
Wu Jian was exalted by your worship.
You were completely stuffed.

You visited 6 branches of the dungeon, and saw 28 of its levels.
You also visited: Ice Cave.

You collected 2395 gold pieces.
You spent 825 gold pieces at shops.

Inventory:

Hand Weapons
 a - a +3 dagger of freezing (weapon)
   (You took it off an orc wizard on level 3 of the Dungeon)
 b - a +3 scimitar of flaming
   (You took it off Erica on level 10 of the Dungeon)
 B - a +0 blowgun
Missiles
 g - 15 tomahawks (quivered)
 C - 16 curare-tipped needles
 Y - a throwing net
Armour
 k - a +0 pair of gloves (worn)
 r - a +0 cloak (worn)
 w - the +6 scale mail "Zorewin" (worn) {rF+ Regen+ Dex-4}
   (You found it on level 7 of the Dungeon)

   It affects your dexterity (-4).
   It protects you from fire.
   It increases your rate of regeneration.
 x - a +1 pair of boots (worn)
 T - a +1 helmet (worn)
Jewellery
 h - an uncursed ring of protection from cold
 i - an amulet of rage (around neck)
 j - a ring of flight (right hand)
 z - an uncursed ring of poison resistance
 D - a +3 ring of evasion (left hand)
 J - an uncursed ring of protection from magic
Wands
 e - a wand of enslavement (7/24)
 n - a wand of confusion (34/48)
 y - a wand of scattershot (1/9)
 A - a wand of iceblast (3/15)
 M - a wand of disintegration (12/24)
 Q - a wand of digging (15/24)
Scrolls
 d - a scroll of magic mapping {!r}
 l - 3 scrolls of fog
 q - 3 scrolls of blinking
 u - a scroll of fear {!r}
 E - 2 scrolls of teleportation {!r}
 L - 5 scrolls of remove curse
 X - 4 scrolls of identify
 Z - a scroll of summoning {!r}
Potions
 m - 5 potions of cancellation {!q}
 p - 4 potions of resistance {!q}
 t - a potion of heal wounds {!q}
 G - a potion of agility {!q}
 H - 2 potions of haste {!q}
 I - 2 potions of might {!q}
 K - 2 potions of berserk rage
 N - 4 potions of curing
 O - a potion of ambrosia
 R - 2 potions of brilliance {!q}
Comestibles
 c - 7 chunks of flesh
 o - 22 royal jellies


   Skills:
 - Level 15.0 Fighting
 - Level 10.1 Short Blades
 + Level 10.9 Armour
 - Level 16.0 Dodging
 - Level 10.0 Stealth
 - Level 9.0 Spellcasting
 - Level 13.0 Hexes
 - Level 6.0 Ice Magic


You had 25 spell levels left.
You knew the following spells:

 Your Spells              Type           Power        Failure   Level  Hunger
a - Corona                Hex            #####..      1%          1    None
b - Ensorcelled Hibernat  Hex/Ice        #####.       2%          2    None
c - Confuse               Hex            #####...     1%          3    #......
d - Tukima's Dance        Hex            #####...     1%          3    #......


Dungeon Overview and Level Annotations

Branches:
Dungeon (15/15)            Temple (1/1) D:7            Lair (6/6) D:11
 Shoals (1/4) Lair:4       Spider (3/4) Lair:3        Slime (0/5) Lair:6
    Orc (2/2) D:11            Elf (0/3) Orc:2        Vaults (0/5) D:13
 Depths (0/5) D:15

Altars:
Ashenzari
Cheibriados
Dithmenos
Elyvilon
Fedhas
Gozag
Hepliaklqana
Kikubaaqudgha
Makhleb
Nemelex Xobeh
Okawaru
Qazlal
Ru
Sif Muna
Trog
Uskayaw
Vehumet
Wu Jian
Xom
Yredelemnul
Zin
The Shining One
Jiyva

Shops:
D:4 (   D:5 (   D:8 %   D:13 %}**!   D:15 *=?*   Orc:1 =**   Orc:2 [:}%

Portals:
Abyss: D:11
Trove: D:14 (give +6 demon trident)

Annotations:
Lair:6 pUX: Oklob, exclusion: oklob plant


Innate Abilities, Weirdness & Mutations

You are small and have problems with some larger weapons.
You are carnivorous and can eat meat at any time.


Message History

Damage: 26 (max 26)
You cannot move away from the merfolk avatar!
You spin and attack the drowned soul.
You closely miss the drowned soul. The drowned soul touches you.
The drowned soul drowns you!
* * * LOW HITPOINT WARNING * * *
The merfolk avatar chants its luring song.
Damage: 14 (max 26) Unknown command.
Unknown command.
Wield which item (- for none, * to show all)? (? for menu, Esc to quit)
Your +3 scimitar of flaming stops flaming.
B - a +0 blowgun (weapon)
Firing (i - inventory. (,) - cycle):
C - 18 curare-tipped needles (quivered)
Press: ? - help, Shift-Dir - straight line, f - merfolk avatar, p - merfolk siren
Aim: a merfolk avatar (moderately wounded, mesmerising)
You shoot a curare-tipped needle.
The curare-tipped needle hits the merfolk avatar.
The merfolk avatar is poisoned.
The merfolk avatar convulses.
The merfolk avatar seems to slow down.
The merfolk avatar is moderately wounded.
The merfolk avatar chants its luring song.
The drowned soul touches you. The drowned soul drowns you!
* * * LOW HITPOINT WARNING * * *
Damage: 16 (max 26) Firing (i - inventory. (,) - cycle):
C - 17 curare-tipped needles (quivered)
Press: ? - help, Shift-Dir - straight line, f/p - merfolk avatar
Aim: a merfolk avatar (moderately wounded, slow, poisoned, mesmerising)
You shoot a curare-tipped needle.
The curare-tipped needle hits the drowned soul.
You hear a splash.
The merfolk avatar chants its luring song.
The drowned soul touches you. The drowned soul drowns you!
* * * LOW HITPOINT WARNING * * *
Damage: 11 (max 26) Unknown command.
Unknown command.
Unknown command.
Your muscles tense, ready for explosive movement...
Wield which item (- for none, * to show all)? (? for menu, Esc to quit)
Your +3 dagger of freezing glows with a cold blue light!
a - a +3 dagger of freezing (weapon)
The pull of its song draws you forwards.
You barely miss the merfolk avatar.
The merfolk avatar is moderately wounded.
The merfolk avatar chants its luring song.
Unknown command.
You hit the merfolk avatar but do no damage.
The merfolk avatar is moderately wounded.
The drowned soul touches you. The drowned soul drowns you!
You die...

.≈P≈P≈≈≈≈......≈≈≈≈≈≈≈
#.P≈≈≈P≈..P##.....≈≈≈≈≈≈
#.P≈≈≈≈≈....###.<.≈≈≈≈≈≈
#.PPP≈≈≈P..P# #...≈≈≈≈≈≈
###PP≈P≈W≈≈≈≈.###.≈≈≈≈≈≈≈≈
##..P..≈≈P≈≈≈≈≈...≈≈≈≈≈≈≈≈≈
..PP..>PP≈≈≈≈≈≈...≈≈≈≈≈≈≈≈≈
#..##..≈≈≈m..≈≈≈≈≈≈≈≈≈≈≈≈≈≈
###.....P≈≈@≈≈≈W≈≈≈≈≈≈≈≈≈≈≈≈
.......PPP≈≈≈≈≈≈≈≈≈≈≈≈≈≈≈≈≈≈
......P≈≈≈≈≈≈≈≈≈≈≈≈≈≈≈≈≈
.....≈≈≈≈≈..)≈≈≈≈≈≈≈≈≈≈≈
.......P....m...≈≈≈≈≈≈≈≈
.............#...≈≈≈≈≈≈
......####..####.≈≈≈≈≈
...... #### .≈≈≈≈ ....P ≈≈≈


You could see a merfolk avatar, a merfolk siren (confused) and 2 drowned souls.

Vanquished Creatures
  Rupert (Lair:6)
  Kirke (D:13)
  Louise (Spider:1)
  An orc warlord (D:11)
  5 entropy weavers
  An ettin (Orc:1)
  Josephine (D:12)
  Erolcha (Orc:2)
  Harold (D:10)
  Fannar (Lair:1)
  A yaktaur captain (D:13)
  4 centaur warriors
  5 hydras
  Erica (D:10)
  A merfolk avatar (Lair:6)
  3 two-headed ogres
  7 death yaks
  2 tengu warriors (D:13)
  A queen ant (Spider:1)
  An orc high priest (Orc:2)
  Sonja (Lair:4)
  4 unseen horrors
  3 wizards (D:15)
  A sea snake (Lair:6)
  A necromancer (D:15)
  2 orc knights
  3 wolf spider zombies (D:15)
  8 orb spiders
  A harpy (shapeshifter) (D:15)
  7 orc sorcerers
  3 cyclopes
  6 manticores
  6 wolf spiders
  An oklob plant (Orc:2)
  5 ugly things
  A moth of wrath (Spider:2)
  Joseph (D:9)
  3 ice statues (IceCv)
  8 elephants
  8 black mambas
  3 torpor snails
  13 spiny frogs
  5 gargoyles
  2 yaktaurs
  6 rime drakes
  2 kobold demonologists (D:14)
  10 komodo dragons
  5 demonic crawlers
  A red devil (D:11)
  3 meliai (Lair:5)
  2 wind drakes (Lair:6)
  A queen bee (Lair:5)
  7 polar bears
  7 hornets
  2 trolls
  19 jumping spiders
  A wolf spider simulacrum (D:15)
  10 dream sheep
  Grinder (D:3)
  17 blink frogs
  22 hippogriffs
  Sigmund (D:3)
  44 redbacks
  A shadow (D:13)
  7 wyverns
  A centaur simulacrum (D:14)
  6 basilisks
  6 wraiths
  43 yaks
  12 tarantellas
  4 hogs (D:8)
  A human (D:8)
  2 hungry ghosts
  3 vampire mosquitoes (D:13)
  2 wargs
  2 acid dragons
  6 porcupines
  3 soldier ants (Spider:1)
  17 water moccasins
  26 orc warriors
  3 sky beasts
  2 black bears
  A phantom (D:9)
  8 ice beasts
  2 necrophages
  8 ogres
  4 boggarts
  11 centaurs
  A wolf (Lair:5)
  A big kobold (D:9)
  16 crocodiles
  18 bullfrogs
  A wyvern zombie (D:14)
  2 gnoll sergeants
  A scorpion (D:4)
  4 wyvern skeletons
  43 killer bees
  6 wights
  3 howler monkeys
  2 centaur zombies
  9 crimson imps
  2 bullfrog zombies
  12 hounds
  8 jellies
  25 orc priests
  9 centaur skeletons
  3 bullfrog skeletons
  7 iguanas
  Jessica (D:3)
  Ijyb (D:3)
  Natasha (twice) (D:3)
  28 orc wizards
  23 worker ants
  A hound zombie (D:9)
  A hound skeleton (D:7)
  2 howler monkey zombies
  4 worker ant zombies
  11 gnolls
  13 adders
  3 shadow imps
  An ooze (D:3)
  3 adder skeletons
  3 leopard geckos
  100 orcs
  2 ball pythons (D:5)
  9 bats
  3 giant cockroaches
  12 goblins
  7 hobgoblins
  8 jackals
  5 quokkas
  5 frilled lizards
  A giant cockroach zombie (D:6)
  17 kobolds
  2 quokka skeletons
  8 rats
927 creatures vanquished.

Vanquished Creatures (others)
  A yaktaur (D:13)
  3 humans (D:13)
  An orc (Orc:1)
  13 fungi
  14 plants
32 creatures vanquished.

Grand Total: 959 creatures vanquished

Notes
Turn   | Place    | Note
-------+----------+-------------------------------------------
     0 | D:1      | Gorice the Kobold Enchanter began the quest for the Orb.
     0 | D:1      | Reached XP level 1. HP: 10/10 MP: 3/3
   251 | D:1      | Reached XP level 2. HP: 15/15 MP: 5/5
   259 | D:1      | Learned a level 2 spell: Ensorcelled Hibernation
   505 | D:1      | Reached skill level 2 in Short Blades
   954 | D:2      | Reached XP level 3. HP: 19/19 MP: 6/6
  1467 | D:2      | Reached skill level 3 in Short Blades
  1467 | D:2      | Reached skill level 4 in Hexes
  1537 | D:2      | Reached XP level 4. HP: 24/24 MP: 7/7
  1582 | D:2      | HP: 7/24 [jackal (3)]
  2429 | D:3      | Noticed Sigmund
  2451 | D:2      | Learned a level 3 spell: Confuse
  2845 | D:3      | Noticed Grinder
  2866 | D:3      | HP: 4/24 [Grinder (8)]
  2879 | D:3      | Killed Grinder
  2879 | D:3      | Reached skill level 4 in Short Blades
  2879 | D:3      | Reached skill level 5 in Hexes
  2879 | D:3      | Reached XP level 5. HP: 5/28 MP: 3/8
  2879 | D:3      | Reached XP level 6. HP: 6/32 MP: 3/9
  3198 | D:3      | Noticed Jessica
  3209 | D:3      | Killed Jessica
  3237 | D:3      | Noticed Natasha
  3267 | D:3      | Killed Natasha
  3514 | D:3      | Reached skill level 6 in Hexes
  3566 | D:3      | Reached skill level 5 in Short Blades
  3611 | D:3      | Noticed Natasha
  3613 | D:3      | Killed Sigmund
  3613 | D:3      | Reached XP level 7. HP: 35/36 MP: 4/10
  3622 | D:3      | Killed Natasha
  3914 | D:3      | Found an opulent altar of Gozag.
  4009 | D:3      | Noticed Ijyb
  4014 | D:3      | Killed Ijyb
  4014 | D:3      | Reached skill level 6 in Short Blades
  4014 | D:3      | Reached skill level 7 in Hexes
  4193 | D:3      | Learned a level 3 spell: Tukima's Dance
  4407 | D:4      | Reached XP level 8. HP: 41/41 MP: 8/11
  4574 | D:4      | Found Cititopt's Antique Weapon Boutique.
  4920 | D:4      | Found an iron altar of Okawaru.
  4920 | D:4      | Found a radiant altar of Vehumet.
  4968 | D:4      | Upgraded the game from 0.20-a0-795-ga03948b to 0.20-a0-809-gaf7f668
  5003 | D:5      | Entered Level 5 of the Dungeon
  5122 | D:5      | Reached skill level 7 in Short Blades
  5122 | D:5      | Reached skill level 8 in Hexes
  5243 | D:5      | Found a shimmering altar of Xom.
  5244 | D:5      | Found a shimmering altar of Xom.
  5244 | D:5      | Found a shimmering altar of Xom.
  5575 | D:5      | Found Qesuw's Antique Weapon Shoppe.
  5696 | D:5      | Found a shimmering altar of Xom.
  6457 | D:6      | Found a shattered altar of Ashenzari.
  6581 | D:6      | HP: 11/41 [gnoll sergeant/spear (12)]
  6919 | D:6      | Reached skill level 9 in Hexes
  6945 | D:6      | Reached XP level 9. HP: 45/45 MP: 7/12
  7025 | D:6      | Reached skill level 8 in Short Blades
  7066 | D:6      | Found a deep blue altar of Sif Muna.
  7676 | D:7      | Found a staircase to the Ecumenical Temple.
  7697 | Temple   | Entered the Ecumenical Temple
  7797 | Temple   | Became a worshipper of the Wu Jian Council
  7819 | D:7      | Noticed a hippogriff
  7828 | D:7      | Killed a hippogriff
  7828 | D:7      | Reached skill level 10 in Hexes
  7885 | D:7      | Reached skill level 9 in Short Blades
  8136 | D:7      | Got a steaming scale mail
  8147 | D:7      | Identified the +6 scale mail "Zorewin" {rF+ Regen+ Dex-4} (You found it on level 7 of the Dungeon)
  8683 | D:8      | Reached skill level 11 in Hexes
  8683 | D:8      | Reached XP level 10. HP: 50/50 MP: 10/13
  8790 | D:8      | Reached * piety under Wu Jian
  8876 | D:8      | HP: 11/50 [hog (6)]
  8876 | D:8      | HP: 5/50 [hog (3)]
  8882 | D:8      | Reached skill level 10 in Short Blades
  8886 | D:8      | HP: 12/50 [hog (11)]
  8887 | D:8      | HP: 5/50 [hog (7)]
  8891 | D:8      | Reached skill level 1 in Fighting
  8892 | D:8      | HP: 8/52 [hog (6)]
  8897 | D:8      | HP: 3/52 [hog (7)]
  9291 | D:8      | Reached skill level 3 in Dodging
  9721 | D:8      | Reached skill level 2 in Fighting
  9737 | D:8      | Reached skill level 4 in Dodging
  9830 | D:8      | HP: 15/54 [orc/trident (4)]
 10222 | D:8      | Found Epleny's Food Shop.
 10903 | D:8      | HP: 11/55 [orc/falchion of venom (9)]
 10904 | D:8      | Reached skill level 3 in Fighting
 11647 | D:9      | Reached skill level 5 in Dodging
 11834 | D:9      | Reached ** piety under Wu Jian
 11841 | D:9      | Reached skill level 4 in Fighting
 11863 | D:9      | Noticed a two-headed ogre
 11890 | D:9      | Killed a two-headed ogre
 11890 | D:9      | Reached skill level 12 in Hexes
 12155 | D:9      | Reached skill level 6 in Dodging
 12155 | D:9      | Reached XP level 11. HP: 61/62 MP: 11/14
 12281 | D:9      | Noticed Joseph
 12284 | D:9      | Killed Joseph
 12284 | D:9      | Reached skill level 5 in Fighting
 12455 | D:10     | Entered Level 10 of the Dungeon
 13066 | D:10     | Noticed Erica
 13083 | D:10     | Killed Erica
 13083 | D:10     | Reached skill level 6 in Fighting
 13083 | D:10     | Reached skill level 7 in Dodging
 13109 | D:10     | Noticed an unseen horror
 13112 | D:10     | Killed an unseen horror
 13255 | D:10     | Noticed a manticore
 13261 | D:10     | Killed a manticore
 13332 | D:10     | Noticed Harold
 13365 | D:10     | Killed Harold
 13365 | D:10     | Reached skill level 7 in Fighting
 13365 | D:10     | Reached skill level 8 in Dodging
 13471 | D:10     | Reached *** piety under Wu Jian
 13962 | D:11     | Found a staircase to the Lair.
 14211 | D:11     | Found a staircase to the Orcish Mines.
 14406 | D:11     | Reached skill level 13 in Hexes
 14453 | D:11     | Reached skill level 9 in Dodging
 14518 | D:11     | Noticed an unseen horror
 14523 | D:11     | Killed an unseen horror
 14523 | D:11     | Reached XP level 12. HP: 72/72 MP: 2/15
 14524 | D:11     | Reached skill level 8 in Fighting
 14808 | D:11     | Found a one-way gate to the infinite horrors of the Abyss.
 15162 | D:11     | Reached skill level 10 in Dodging
 15442 | Lair:1   | Entered Level 1 of the Lair of Beasts
 15512 | Lair:1   | Reached **** piety under Wu Jian
 15532 | Lair:1   | Reached skill level 1 in Ice Magic
 15555 | Lair:1   | Reached skill level 9 in Fighting
 15998 | Lair:1   | Reached skill level 2 in Ice Magic
 16007 | Lair:1   | Noticed a seven-headed hydra
 16055 | Lair:1   | Killed a seven-headed hydra
 16171 | Lair:1   | Noticed Fannar
 16198 | Lair:1   | Killed Fannar
 16198 | Lair:1   | Reached skill level 3 in Ice Magic
 16873 | Lair:2   | Reached skill level 11 in Dodging
 17126 | Lair:2   | Reached skill level 10 in Fighting
 17126 | Lair:2   | Reached skill level 4 in Ice Magic
 17329 | Lair:2   | Reached XP level 13. HP: 81/81 MP: 6/16
 18157 | Lair:3   | Found a hole to the Spider Nest.
 18217 | Lair:3   | Reached skill level 5 in Ice Magic
 18597 | Lair:3   | Reached skill level 12 in Dodging
 19059 | Lair:4   | Reached skill level 11 in Fighting
 19059 | Lair:4   | Reached skill level 6 in Ice Magic
 19101 | Lair:4   | Reached ***** piety under Wu Jian
 19139 | Lair:4   | Reached skill level 1 in Armour
 19280 | Lair:4   | Found a staircase to the Shoals.
 19337 | Lair:4   | Got an ichor-stained robe
 19338 | Lair:4   | Identified the +2 robe "Qosoot Sust" {Str-2 Int+6} (You found it on level 4 of the Lair of Beasts)
 19357 | Lair:4   | Noticed Sonja
 19365 | Lair:4   | Killed Sonja
 19440 | Lair:4   | Reached skill level 2 in Armour
 20362 | Lair:5   | Reached skill level 3 in Armour
 20777 | Lair:5   | HP: 16/84 [meliai/divine providence (14)]
 20778 | Lair:5   | HP: 4/84 [meliai/divine providence (12)]
 21102 | Lair:5   | Reached skill level 12 in Fighting
 21113 | Lair:5   | Reached skill level 4 in Armour
 21238 | Lair:5   | Noticed a seven-headed hydra
 21543 | Lair:5   | Reached XP level 14. HP: 92/92 MP: 14/17
 22125 | Lair:4   | Reached skill level 5 in Armour
 22673 | Lair:4   | HP: 25/92 [elephant (14)]
 23518 | Lair:4   | Reached skill level 13 in Fighting
 23615 | Lair:3   | Reached skill level 6 in Armour
 23784 | Lair:6   | Entered Level 6 of the Lair of Beasts
 23976 | Lair:5   | Reached skill level 3 in Spellcasting
 24240 | Lair:6   | Noticed Rupert
 24732 | Lair:6   | Reached skill level 4 in Spellcasting
 24767 | Lair:6   | Reached ****** piety under Wu Jian
 24784 | Lair:6   | Reached skill level 5 in Stealth
 25393 | Lair:5   | Reached skill level 6 in Stealth
 25500 | Lair:6   | Found a viscous altar of Jiyva.
 25500 | Lair:6   | Found a staircase to the Slime Pits.
 25618 | Lair:6   | Reached skill level 14 in Fighting
 25618 | Lair:6   | Reached skill level 5 in Spellcasting
 25901 | Lair:6   | Killed Rupert
 25901 | Lair:6   | Reached skill level 7 in Stealth
 25901 | Lair:6   | Reached XP level 15. HP: 97/100 MP: 16/23
 26718 | Lair:6   | Reached skill level 6 in Spellcasting
 26782 | Lair:6   | Reached skill level 8 in Stealth
 27781 | D:12     | Found a deep blue altar of Sif Muna.
 27878 | D:12     | Reached skill level 9 in Stealth
 27922 | D:12     | Noticed Josephine
 28286 | D:12     | Reached skill level 7 in Spellcasting
 28481 | D:12     | Killed Josephine
 28735 | Orc:1    | Entered Level 1 of the Orcish Mines
 29025 | Orc:1    | Found Kysapsou's General Store.
 29031 | Orc:1    | Reached skill level 10 in Stealth
 29050 | Orc:1    | Noticed an orc warlord
 29078 | D:11     | Killed an orc warlord
 29234 | Orc:1    | Reached skill level 15 in Fighting
 29282 | Orc:1    | Bought a potion of curing for 36 gold pieces
 29312 | Orc:1    | Found Isad Bifra's Assorted Antiques.
 29314 | Orc:1    | Bought a scroll of remove curse for 102 gold pieces
 29314 | Orc:1    | Bought a scroll of blinking for 255 gold pieces
 29314 | Orc:1    | Bought a dark potion for 30 gold pieces
 29540 | Orc:2    | Entered Level 2 of the Orcish Mines
 29713 | Orc:1    | Reached skill level 8 in Spellcasting
 29715 | Orc:1    | Found Fimuc's Jewellery Emporium.
 29818 | Orc:2    | Noticed Erolcha
 29825 | Orc:2    | Killed Erolcha
 30455 | Orc:2    | HP: 28/103 [sixfirhy[an orc sorcerer] (11)]
 30473 | Orc:2    | HP: 22/103 [orc warrior/halberd (10)]
 30839 | Orc:2    | Found Tuef's Food Boutique.
 30839 | Orc:2    | Found Xaas's Book Shop.
 30840 | Orc:2    | Found Maunigy's Armour Shop.
 30844 | Orc:2    | Found Vonoik's Gadget Boutique.
 30936 | Orc:2    | Bought a +0 cloak for 58 gold pieces
 31035 | Orc:2    | Reached skill level 13 in Dodging
 31042 | Orc:2    | Found a staircase to the Elven Halls.
 31415 | D:13     | Found Xaceitwa's Distillery.
 31442 | D:13     | Bought a potion of heal wounds for 70 gold pieces
 31481 | D:13     | Reached XP level 16. HP: 108/108 MP: 7/28
 31579 | D:13     | Found Cykiat's General Store.
 31622 | D:13     | Reached skill level 7 in Armour
 31692 | D:13     | Found Gasa's Food Emporium.
 31724 | D:13     | Found Heajioly's Gadget Boutique.
 31838 | D:13     | Noticed Kirke
 31841 | D:13     | Noticed a sphinx
 31875 | D:13     | Killed Kirke
 31999 | D:13     | Found a gate to the Vaults.
 32520 | D:13     | Found Saolum's General Store.
 32728 | D:14     | Reached skill level 9 in Spellcasting
 32774 | D:14     | Found a frozen archway.
 32793 | IceCv    | Entered an ice cave
 33222 | IceCv    | HP: 31/108 [ice statue/bolt of cold (13)]
 33232 | IceCv    | HP: 32/108 [ice beast[an ice statue] (2)]
 33403 | IceCv    | Got ichor-stained ice dragon scales
 33413 | IceCv    | Identified the cursed +0 ice dragon scales "Nyffiep" {*Drain rF- rC++ rN+ Str+7 Stlth+} (You found it in an ice cave)
 33414 | IceCv    | Upgraded the game from 0.20-a0-809-gaf7f668 to 0.20-a0-820-g557356e
 33649 | D:14     | Found a portal to a secret trove of treasure.
 33764 | D:14     | Reached skill level 14 in Dodging
 33877 | D:14     | Reached skill level 8 in Armour
 34675 | D:15     | Entered Level 15 of the Dungeon
 34805 | D:15     | Found Banydune's Assorted Antiques.
 34813 | D:15     | Bought an encrusted granite ring for 135 gold pieces
 34813 | D:15     | Bought a scroll labeled GOARHA KIFUA for 27 gold pieces
 34813 | D:15     | Bought a scroll labeled BICHOAG KARINN for 27 gold pieces
 34831 | D:15     | Found Reihur's Magic Scroll Boutique.
 34876 | D:15     | Bought a scroll of identify for 34 gold pieces
 34876 | D:15     | Bought a scroll of teleportation for 51 gold pieces
 35402 | D:15     | Found a staircase to the Depths.
 35633 | D:15     | Found Ymiodwak's Jewellery Shoppe.
 35798 | D:15     | Found Agho's Assorted Antiques.
 36073 | Spider:1 | Entered Level 1 of the Spider Nest
 36247 | Spider:1 | Reached skill level 9 in Armour
 36254 | Spider:1 | Reached skill level 15 in Dodging
 36413 | Spider:1 | Noticed Louise
 36449 | Spider:1 | Killed Louise
 36520 | Spider:1 | Reached XP level 17. HP: 113/113 MP: 26/30
 38154 | Spider:1 | Reached skill level 10 in Armour
 38311 | Spider:2 | Got an ichor-stained plate armour
 38323 | Spider:2 | Reached skill level 16 in Dodging
 38349 | Spider:2 | HP: 32/113 [demonic crawler (2)]
 38355 | Spider:2 | HP: 32/113 [poisoned by a redback]
 38367 | Spider:2 | HP: 33/113 [tarantella (4)]
 38373 | Spider:2 | HP: 23/113 [tarantella (13)]
 38517 | Spider:1 | Identified the +1 plate armour of Slovenliness {rElec rPois MR+} (You found it on level 2 of the Spider Nest)
 39538 | Lair:3   | HP: 32/113 [poisoned by a ghost moth]
 39543 | Lair:3   | HP: 29/113 [poisoned by a ghost moth]
 39548 | Lair:3   | HP: 27/113 [poisoned by a ghost moth]
 39553 | Lair:3   | HP: 26/113 [poisoned by a ghost moth]
 39559 | Lair:3   | HP: 28/113 [poisoned by a ghost moth]
 39565 | Lair:3   | HP: 30/113 [poisoned by a ghost moth]
 39573 | Lair:3   | HP: 33/113 [poisoned by a ghost moth]
 39768 | Lair:3   | HP: 32/113 [something (6)]
 39772 | Lair:3   | HP: 11/113 [something (7)]
 40045 | Shoals:1 | Entered Level 1 of the Shoals
 40114 | Shoals:1 | HP: 33/113 [drowned by a drowned soul[a merfolk avatar] (15)]
 40117 | Shoals:1 | HP: 6/113 [drowned by a drowned soul[a merfolk avatar] (12)]
 40120 | Shoals:1 | Drowned by a drowned soul

Vault maps used:
D:1:      elethiomel_arrival_maze
D:3:      lemuel_doored_altar, serial_bayou_crossing, uniq_jessica,
          uniq_grinder, uniq_natasha, uniq_iyjb, uniq_sigmund
D:4:      gammafunk_temple_overflow_wave, serial_shops, nicolae_shop_stone,
          first_bread
D:5:      xom_redecorated, serial_shops, shop, kennysheep_crisscross
D:6:      basic_altar, st_stairs_3, hangedman_decor_diamond_cutter,
          nicolae_ashenzari_panopticon
D:7:      minmay_temple_entry_steel_oval
D:8:      serial_shops, nicolae_shop_behind_doors, grunt_livestock
D:9:      uniq_joseph
D:10:     kb_rosetta, uniq_harold, uniq_erica
D:11:     lair_entry_dummy, david_orc_2, corexii_checkpoint_a,
          lemuel_hellish_altar
D:12:     basic_altar, uniq_josephine
D:13:     david_vaults_2, serial_shops, nicolae_shop_crystal, shop,
          nicolae_shop_trees, nicolae_shop_behind_doors, nicolae_shop_crystal,
          uniq_kirke
D:14:     portal_ice_cave_entry_pillars_2, serial_park_tiny_1,
          nicolae_trove_entry_diagonal
D:15:     grunt_enter_depths_magical_seal, serial_shops,
          nicolae_shop_statue_plus, shop_fountains, nicolae_shop_statue_plus,
          nicolae_shop_window_shopping
Temple:   hc_temple_tempest_star
Lair:1:   infiniplex_staircase_pool_2, uniq_fannar
Lair:2:   patterned_corridor
Lair:3:   dummy_spider_entry, grunt_megastairs_1
Lair:4:   shoals_dummy_entry, uniq_sonja
Lair:5:   regret_index_tunnel_blossom
Lair:6:   gammafunk_lair_ancient_temple, slime_altar_1,
          minmay_lair_oklob_bushes, minivault_19, st_stairs_10, uniq_rupert
Shoals:1: serial_shops, shop
Spider:1: nicolae_spider_ant_collections, uniq_louise
Spider:2: hangedman_spider_mandibles
Spider:3: nicolae_spider_mines_1, spider_trap
Orc:1:    serial_shops, shop, shop, shop
Orc:2:    st_orc_mages, mines3_lemuel, uniq_erolcha
IceCv:    ice_cave_statue_garden_chambered

Skill      XL: |  1  2  3  4  5  6  7  8  9 10 11 12 13 14 15 16 17 |
---------------+----------------------------------------------------+-----
Short Blades   | 2 3 4 5 6 7 9 10 | 10.1
Hexes          | 4 5 6 7 9 11 12 13 | 13.0
Fighting       | 4 7 10 12 14 15 | 15.0
Dodging        | 6 9 11 12 13 15 16 | 16.0
Ice Magic      | 4 6 |  6.0
Armour         | 4 6 9 10 | 10.9
Spellcasting   | 5 8 9 |  9.0
Stealth        | 7 10 | 10.0

Action                   |  1- 3 |  4- 6 |  7- 9 | 10-12 | 13-15 | 16-18 || total
-------------------------+-------+-------+-------+-------+-------+-------++-------
Melee: Dagger            |   110 |   132 |   250 |   627 |  1036 |   746 ||  2901
       Scimitar          |       |       |       |       |     5 |   229 ||   234
 Fire: Blowgun           |       |       |       |       |       |     2 ||     2
Throw: Throwing net      |       |       |       |       |     1 |       ||     1
       Tomahawk          |       |       |       |       |     1 |       ||     1
 Cast: Corona            |    19 |    27 |     2 |     2 |     3 |    14 ||    67
       Ensorcelled Hiber |     5 |     6 |    85 |   155 |   422 |   243 ||   916
       Confuse           |       |     7 |    15 |    54 |   122 |   117 ||   315
Invok: Serpent's Lash    |       |       |       |       |       |     1 ||     1
 Abil: Evoke Flight      |       |       |       |       |       |     1 ||     1
Evoke: Wand              |       |       |     2 |     5 |     3 |     6 ||    16
  Use: Scroll            |     3 |       |    13 |     7 |    12 |    10 ||    45
       Potion            |       |     2 |       |     6 |     3 |       ||    11
 Stab: Sleeping          |    13 |     8 |    52 |    97 |   259 |   168 ||   597
       Confused          |       |     3 |     9 |    35 |    58 |    61 ||   166
       Distracted        |       |       |       |     1 |     5 |     1 ||     7
       Held in net/web   |       |       |       |       |     1 |       ||     1
  Eat: Chunk             |    11 |     8 |    23 |    46 |    63 |    29 ||   180
Armor: Robe              |    24 |    13 |    23 |    20 |    93 |       ||   173
       Skin              |       |     5 |       |       |       |       ||     5
       Scale mail        |       |       |       |       |     1 |   430 ||   431
Dodge: Dodged            |   145 |    76 |   138 |   346 |   797 |   790 ||  2292
       Rpst.: Scimitar   |       |       |       |       |       |    48 ||    48

Table legend:
 A = Turns spent in this place as a percentage of turns spent in the entire game.
 B = Non-inter-level travel turns spent in this place as a percentage of non-inter-level travel turns spent in the entire game.
 C = Inter-level travel turns spent in this place as a percentage of turns spent in this place.
 D = Turns resting spent in this place as a percentage of non-inter-level travel turns spent in this place.
 E = Turns spent auto-exploring this place as a percentage of non-inter-level travel turns spent in this place.
 F = Non-inter-level travel turns spent in this place divided by the number of levels of this place that you've seen.
                   A       B       C       D       E      F
               +-------+-------+-------+-------+-------+----------------------
         Total | 100.0 | 100.0 |   0.5 |   3.6 |   3.7 | 536.2
       Dungeon |  47.7 |  47.7 |   0.4 |   3.7 |   5.0 | 494.6
        Temple |   0.1 |   0.1 |  11.1 |   0.0 |  75.0 |  16.0
          Lair |  29.6 |  29.5 |   0.7 |   4.2 |   3.1 | 765.3
        Shoals |   0.6 |   0.6 |   0.0 |   0.0 |   3.0 |  99.0
   Spider Nest |  11.1 |  11.2 |   0.3 |   4.1 |   1.7 | 579.0
  Orcish Mines |   7.9 |   7.9 |   0.5 |   1.6 |   1.5 | 612.0
      Ice Cave |   3.0 |   3.0 |   0.0 |   1.5 |   0.2 | 464.0
               +-------+-------+-------+-------+-------+----------------------

Vault maps used:
D:1:      elethiomel_arrival_maze
D:3:      lemuel_doored_altar, serial_bayou_crossing, uniq_jessica,
          uniq_grinder, uniq_natasha, uniq_iyjb, uniq_sigmund
D:4:      gammafunk_temple_overflow_wave, serial_shops, nicolae_shop_stone,
          first_bread
D:5:      xom_redecorated, serial_shops, shop, kennysheep_crisscross
D:6:      basic_altar, st_stairs_3, hangedman_decor_diamond_cutter,
          nicolae_ashenzari_panopticon
D:7:      minmay_temple_entry_steel_oval
D:8:      serial_shops, nicolae_shop_behind_doors, grunt_livestock
D:9:      uniq_joseph
D:10:     kb_rosetta, uniq_harold, uniq_erica
D:11:     lair_entry_dummy, david_orc_2, corexii_checkpoint_a,
          lemuel_hellish_altar
D:12:     basic_altar, uniq_josephine
D:13:     david_vaults_2, serial_shops, nicolae_shop_crystal, shop,
          nicolae_shop_trees, nicolae_shop_behind_doors, nicolae_shop_crystal,
          uniq_kirke
D:14:     portal_ice_cave_entry_pillars_2, serial_park_tiny_1,
          nicolae_trove_entry_diagonal
D:15:     grunt_enter_depths_magical_seal, serial_shops,
          nicolae_shop_statue_plus, shop_fountains, nicolae_shop_statue_plus,
          nicolae_shop_window_shopping
Temple:   hc_temple_tempest_star
Lair:1:   infiniplex_staircase_pool_2, uniq_fannar
Lair:2:   patterned_corridor
Lair:3:   dummy_spider_entry, grunt_megastairs_1
Lair:4:   shoals_dummy_entry, uniq_sonja
Lair:5:   regret_index_tunnel_blossom
Lair:6:   gammafunk_lair_ancient_temple, slime_altar_1,
          minmay_lair_oklob_bushes, minivault_19, st_stairs_10, uniq_rupert
Shoals:1: serial_shops, shop
Spider:1: nicolae_spider_ant_collections, uniq_louise
Spider:2: hangedman_spider_mandibles
Spider:3: nicolae_spider_mines_1, spider_trap
Orc:1:    serial_shops, shop, shop, shop
Orc:2:    st_orc_mages, mines3_lemuel, uniq_erolcha
IceCv:    ice_cave_statue_garden_chambered
